 Dungeon Crawl Stone Soup version 0.27-a0-1189-gb8eb6cee8e (webtiles) character file.

Game seed: 16030037420294222961

809431 gfdjw the Conqueror (level 27, -9/218 HPs)
             Began as a Gargoyle Earth Elementalist on May 21, 2021.
             Was the Champion of Vehumet.
             Killed from afar by an ice dragon (37 damage)
             ... with a blast of cold
             ... on level 26 of a ziggurat on May 23, 2021.
             The game lasted 03:25:55 (96517 turns).

gfdjw the Conqueror (Gargoyle Earth Elementalist)  Turns: 96517, Time: 03:25:55

Health: -9/218     AC: 38    Str: 22    XL:     27
Magic:  58/58      EV: 18    Int: 33    God:    Vehumet [******]
Gold:   5211       SH:  5    Dex: 12    Spells: 21/70 levels left

rFire    + + +     SeeInvis +   J - +9 demon whip (elec)
rCold    . . .     Faith    .   x - +0 buckler "Luw Qene" {Rampage Drain rF+++ Dex-3}
rNeg     + . .     Spirit   .   V - +2 robe {Archmagi}
rPois    ∞         Reflect  .   S - +2 helmet {SInv}
rElec    +         Harm     .   y - +2 cloak {Will+}
rCorr    +         Rampage  +   M - +2 pair of gloves of Sutug {Will- Dex+7}
Will     ++...                  a - +2 pair of boots
Stlth    ++........             P - amulet of magic regeneration
HPRegen  0.46/turn              I - ring of the Seven Bones {rCorr MP+9 Str+8 Dex-2 SInv}
MPRegen  0.61/turn              X - ring "Acreumn" {+Blink Int+6}

@: frozen, flying, studying 4 skills, very slow
A: sickness immunity, AC +20, big wings, negative energy resistance 1,
electricity resistance, torment resistance 1, petrification resistance, mutation
resistance 1, robust 1
}: 4/15 runes: decaying, serpentine, slimy, silver
a: Renounce Religion, Evoke Blink


You were on level 26 of a ziggurat.
You worshipped Vehumet.
Vehumet was exalted by your worship.
You visited 11 branches of the dungeon, and saw 53 of its levels.
You visited 1 bazaar.
You visited 1 ziggurat, and saw 26 of its levels.
You also visited: Bailey and Volcano.

You collected 13089 gold pieces.
You spent 7878 gold pieces at shops.

Inventory:

Hand Weapons
 b - a +9 sacred scourge of holy wrath
 J - a +9 demon whip of electrocution (weapon)
Armour
 a - a +2 pair of boots (worn)
 g - the +0 buckler "Doteaxyu" {Will+ Str+6}
   (You found it on level 8 of a ziggurat)

   It affects your strength (+6).
   It increases your willpower.
 w - the +2 buckler of Lightning Storm {rF+ Dex+2}
   (You found it on level 11 of a ziggurat)

   It affects your dexterity (+2).
   It protects you from fire.
 x - the +0 buckler "Luw Qene" (worn) {Rampage Drain rF+++ Dex-3}
   (You found it on level 12 of a ziggurat)

   It affects your dexterity (-3).
   It renders you almost immune to fire.
   It drains your maximum health when unequipped.
   It bestows one free step when moving towards enemies.
 y - a +2 cloak of willpower (worn)
 z - a +2 cloak of preservation
 M - the +2 pair of gloves of Sutug (worn) {Will- Dex+7}
   (You found it on level 24 of a ziggurat)

   It affects your dexterity (+7).
   It decreases your willpower.
 S - a +2 helmet of see invisible (worn)
 V - a +2 robe of the Archmagi (worn)
Jewellery
 e - a ring of protection from fire
 B - the ring "Atyzumn" {*Corrode rC+++ Slay-6 SInv Stlth+}
   (You found it on level 14 of a ziggurat)

   [ring of see invisible]

   It affects your accuracy and damage with ranged weapons and melee attacks
   (-6).
   It renders you almost immune to cold.
   It lets you see invisible.
   It may corrode you when you take damage.
   It makes you more stealthy.
 I - the ring of the Seven Bones (left hand) {rCorr MP+9 Str+8 Dex-2 SInv}
   (You acquired it on level 14 of the Dungeon)

   [ring of magical power]

   It affects your strength (+8).
   It affects your dexterity (-2).
   It affects your magic capacity (+9).
   It lets you see invisible.
   It protects you from acid and corrosion.
 P - an amulet of magic regeneration (around neck)
 X - the ring "Acreumn" (right hand) {+Blink Int+6}
   (You found it on level 1 of the Depths)

   [ring of intelligence]

   It affects your intelligence (+6).
   It lets you blink.
 Z - the ring "Irullamy" {Wiz rC+ rN+ Dex+2}
   (You took it off a deep elf blademaster on level 3 of the Elven Halls)

   [ring of wizardry]

   It improves your spell success rate.
   It affects your dexterity (+2).
   It protects you from cold.
   It protects you from negative energy.
Wands
 v - a wand of charming (42)
 A - a wand of acid (31)
 D - a wand of iceblast (47)
 Q - a wand of mindburst (83)
Scrolls
 c - 3 scrolls of summoning
 f - 41 scrolls of teleportation
 m - 6 scrolls of holy word
 q - 5 scrolls of enchant armour
 s - 7 scrolls of magic mapping
 u - 12 scrolls of amnesia
 C - 15 scrolls of blinking
 E - 60 scrolls of identify
 F - a scroll of brand weapon
 R - 17 scrolls of fog
Potions
 d - 4 potions of haste
 i - 8 potions of berserk rage
 j - 19 potions of magic
 k - 14 potions of cancellation
 l - 7 potions of heal wounds
 n - 27 potions of curing
 p - 11 potions of brilliance
 r - 8 potions of ambrosia
 G - 8 potions of might
 H - 5 potions of resistance
 K - 3 potions of experience
 U - 16 potions of mutation
 W - 5 potions of invisibility
Miscellaneous
 h - a condenser vane
 o - a lightning rod (4/4)
 t - a box of beasts
 L - a tin of tremorstones (2/2)
 O - a phantom mirror
 Y - a phial of floods


   Skills:
 O Level 27 Fighting
 - Level 16.0 Maces & Flails
 - Level 6.0 Armour
 - Level 15.0 Dodging
 - Level 2.1 Stealth
 - Level 4.0 Shields
 + Level 22.1 Spellcasting
 - Level 20.0 Conjurations
 - Level 6.0 Hexes
 - Level 0.7 Transmutations
 - Level 22.0 Fire Magic
 + Level 20.5 Ice Magic
 - Level 22.0 Earth Magic
 - Level 10.0 Evocations


You had 21 spell levels left.
You knew the following spells:

 Your Spells              Type           Power      Damage    Failure   Level
a - Shatter               Erth           67%        3d49*     2%          9
b - Stone Arrow           Conj/Erth      100%       3d13      0%          3
c - Lee's Rapid Deconstr  Erth           67%        3d31*     0%          5
d - Iron Shot             Conj/Erth      66%        9d12      0%          6
e - Absolute Zero         Ice            65%        ∞         5%          9
f - Fire Storm            Conj/Fire      66%        8d17      4%          9
g - Ignition              Fire           67%        3d18      1%          8

Your spell library contained the following spells:

 Spells                   Type           Power      Damage    Failure   Level
 Lehudib's Crystal Spear  Conj/Erth      66%        10d15     1%          8
 Foxfire                  Conj/Fire      100%       2x1d9     0%          1
 Freeze                   Ice            100%       1d11      0%          1
 Magic Dart               Conj           100%       1d8       0%          1
 Sandblast                Erth           100%       2d20      0%          1
 Shock                    Conj/Air       100%       1d9       0%          1
 Ensorcelled Hibernation  Hex/Ice        100%       N/A       0%          2
 Passwall                 Tmut/Erth      87%        N/A       0%          2
 Searing Ray              Conj           100%       3d7       0%          2
 Static Discharge         Conj/Air       100%       N/A       0%          2
 Conjure Flame            Conj/Fire      100%       6-21      0%          3
 Dazzling Flash           Conj/Hex       100%       N/A       0%          3
 Frozen Ramparts          Ice            100%       1d12      0%          3
 Inner Flame              Hex/Fire       100%       N/A       0%          3
 Ozocubu's Armour         Ice            100%       N/A       0%          3
 Hailstorm                Conj/Ice       100%       3d20      0%          4
 Sticky Flame             Conj/Fire      100%       2d11      0%          4
 Bolt of Magma            Conj/Fire/Erth 66%        4d26      0%          5
 Fireball                 Conj/Fire      66%        3d25      0%          5
 Iskenderun's Battlesphe  Conj           100%       2d15      0%          5
 Starburst                Conj/Fire      66%        8x6d17    0%          6
 Animate Skeleton         Necr           100%       N/A       1%          1
 Apportation              Tloc           100%       N/A       1%          1
 Beastly Appendage        Tmut           100%       N/A       1%          1
 Corona                   Hex            94%        N/A       1%          1
 Pain                     Necr           100%       1d9       1%          1
 Sting                    Tmut/Pois      100%       1d8       1%          1
 Summon Small Mammal      Summ           100%       N/A       1%          1
 Blink                    Tloc           N/A        N/A       1%          2
 Call Imp                 Summ           53%        N/A       1%          2
 Corpse Rot               Necr/Air       N/A        N/A       1%          2
 Poisonous Vapours        Pois/Air       100%       N/A       1%          2
 Slow                     Hex            85%        N/A       1%          2
 Wereblood                Tmut           58%        N/A       1%          2
 Confusing Touch          Hex            85%        N/A       1%          3
 Ignite Poison            Fire/Tmut/Pois 92%        N/A       1%          3
 Mephitic Cloud           Conj/Pois/Air  88%        N/A       1%          3
 Portal Projectile        Hex/Tloc       100%       N/A       1%          3
 Summon Guardian Golem    Hex/Summ       71%        N/A       1%          3
 Tukima's Dance           Hex            85%        N/A       1%          3
 Animate Armour           Summ/Erth      100%       N/A       1%          4
 Cause Fear               Hex            42%        N/A       1%          4
 Fulminant Prism          Conj/Hex       55%        3d25      1%          4
 Ice Form                 Ice/Tmut       100%       N/A       1%          4
 Iskenderun's Mystic Bla  Conj/Tloc      100%       2d19      1%          4
 Leda's Liquefaction      Hex/Erth       57%        N/A       1%          4
 Petrify                  Tmut/Erth      100%       N/A       1%          4
 Summon Ice Beast         Ice/Summ       100%       N/A       1%          4
 Borgnjor's Vile Clutch   Necr/Erth      52%        N/A       1%          5
 Irradiate                Conj/Tmut      51%        3d30      1%          5
 Lightning Bolt           Conj/Air       50%        1d71      1%          5
 Metabolic Englaciation   Hex/Ice        55%        N/A       1%          5
 Yara's Violent Unravell  Hex/Tmut       36%        3d15      1%          5
 Conjure Ball Lightning   Conj/Air       50%        3x3d17    1%          6
 Freezing Cloud           Conj/Ice/Air   56%        6-21      1%          6
 Simulacrum               Ice/Necr       51%        N/A       1%          6
 Orb of Destruction       Conj           64%        9d18      1%          7
 Ozocubu's Refrigeration  Ice            65%        4d18      1%          7
 Call Canine Familiar     Summ           53%        N/A       2%          3
 Gell's Gravitas          Tloc           26%        N/A       2%          3
 Lesser Beckoning         Tloc           26%        N/A       2%          3
 Spider Form              Tmut/Pois      27%        N/A       2%          3
 Swiftness                Air            53%        N/A       2%          3
 Teleport Other           Tloc           53%        N/A       2%          3
 Vampiric Draining        Necr           26%        2d9       2%          3
 Olgreb's Toxic Radiance  Pois           53%        N/A       2%          4
 Spellforged Servitor     Conj/Summ      50%        N/A       3%          7
 Silence                  Hex/Air        35%        N/A       7%          5
 Summon Mana Viper        Hex/Summ       71%        N/A       7%          5
 Animate Dead             Necr           26%        N/A       9%          4
 Dispel Undead            Necr           53%        3d19      9%          4
 Passage of Golubria      Tloc           N/A        N/A       9%          4
 Summon Lightning Spire   Summ/Air       53%        N/A       9%          4
 Invisibility             Hex            85%        N/A       11%         6
 Hydra Form               Tmut           29%        N/A       17%         5
 Alistair's Intoxication  Tmut/Pois      36%        N/A       21%         5
 Agony                    Necr           53%        N/A       22%         5
 Excruciating Wounds      Necr           26%        N/A       22%         5
 Manifold Assault         Tloc           53%        N/A       22%         5
 Summon Forest            Summ/Tloc      26%        N/A       22%         5
 Chain Lightning          Conj/Air       50%        N/A       22%         8
 Eringya's Noxious Bog    Tmut/Pois      27%        N/A       28%         6
 Blade Hands              Tmut           29%        N/A       67%         6
 Death Channel            Necr           26%        N/A       77%         6
 Dispersal                Tloc           26%        N/A       77%         6
 Shadow Creatures         Summ           N/A        N/A       77%         6
 Dragon Form              Tmut           29%        N/A       99%         7
 Discord                  Hex            42%        N/A       99%         8
 Summon Hydra             Summ           26%        N/A       100%        7
 Disjunction              Tloc           26%        N/A       100%        8
 Dragon's Call            Summ           26%        N/A       100%        9
 Tornado                  Air            26%        N/A       100%        9
 Sublimation of Blood     Necr           Unusable   N/A       N/A         2
 Statue Form              Tmut/Erth      Unusable   N/A       N/A         6

Dungeon Overview and Level Annotations

Branches:
Dungeon (15/15)            Temple (1/1) D:6            Lair (6/6) D:10
  Swamp (4/4) Lair:4        Snake (4/4) Lair:3        Slime (5/5) Lair:5
    Orc (2/2) D:9             Elf (3/3) Orc:2        Vaults (5/5) D:14
  Crypt (3/3) Vaults:2       Tomb (0/3) Crypt:3      Depths (5/5) D:15
    Zot (0/5) Depths:5     Bailey (visited)         Volcano (visited)

Altars:
Ashenzari
Cheibriados
Dithmenos
Elyvilon
Fedhas
Gozag
Hepliaklqana
Kikubaaqudgha
Makhleb
Nemelex Xobeh
Okawaru
Qazlal
Ru
Sif Muna
Trog
Uskayaw
Vehumet
Wu Jian
Xom
Yredelemnul
Zin
The Shining One
Lugonu

Shops:
D:9 [   Orc:1 =   Orc:2 **:[   Elf:1 (   Elf:2 [   Snake:1 =:=   Snake:3 [*?
Vaults:4 ?[(   Depths:2 ![([   Depths:3 [?:   Depths:4 (

Portals:
Hell: Lair:6 Depths:1 Depths:2 Depths:3 Depths:4 Depths:5
Abyss: Depths:4
Pandemonium: Depths:1 Depths:3 Depths:4 Depths:5
Trove: Vaults:1 (show abyssal rune of Zot)

Annotations:
Lair:5 1 runed translucent door, Mitamm's ghost, journeyman OpVM
Elf:2 6 runed translucent doors, Renjy's ghost, adept KoGl
Elf:3 3 runed translucent doors, Lemonice's ghost, adept MfGl; Suip's ghost, adept MiFi


Innate Abilities, Weirdness & Mutations

You are immune to sickness and miasma.
Your stone body is resilient. (AC +20)
You are immune to poison.
Your large and strong wings let you fly.
You resist negative energy. (rN+)
You are resistant to electric shocks. (rElec)
You are resistant to unholy torment.
You are immune to petrification.
You are somewhat resistant to further mutation.
You are robust. (+10% HP)


Message History

The ice dragon breathes frost at you. The blast of cold hits you!!
The blizzard demon gestures at you.
An ice devil comes into view.
The Ice Fiend roars!
You hear a roar!
You rampage towards the Ice Fiend!
A rime drake, an ice dragon, 2 frost giants, a draconian knight, a blizzard demon, 3 Ice Fiends, a simulacrum and 2 shard shrikes come into view.
A frost giant is wielding a +1 battleaxe of freezing.
A frost giant is wielding a +1 battleaxe of freezing.
You are engulfed in freezing vapours.
The shard shrike screeches!
The Ice Fiend roars! x2
The ice dragon roars deafeningly!
You hear a roar!
You hear a shout!
The ice dragon roars deafeningly!
The Ice Fiend roars!
The rime drake hisses angrily. x2; The blizzard demon shouts!
The Ice Fiend roars!
The ice dragon roars deafeningly!
The shard shrike screeches!
You hear a shout! x2; You hear an angry hiss.
The shard shrike is engulfed in freezing vapours.
The shard shrike claws you but does no damage.
You block the shard shrike's attack.
The Ice Fiend calls on the powers of darkness!
The ice dragon convulses!
The shard shrike convulses!
The frost giant convulses!
The ice beast convulses!
The shard shrike convulses! x2
Your body is wracked with pain!
The rime drake convulses!
The white draconian knight convulses!
The Ice Fiend gestures at you. The bolt of cold hits you!
You block the quicksilver dragon simulacrum's attack.
The quicksilver dragon simulacrum closely misses you.
A rime drake comes into view.
The shard shrike spits a shard of ice at you.
The shard of ice hits you!!!
* * * LOW HITPOINT WARNING * * *
The shard shrike is engulfed in freezing vapours.
The Ice Fiend gestures at you.
The bolt of cold hits the ice beast.
The ice beast completely resists.
The bolt of cold hits the shard shrike!
The shard shrike resists.
The bolt of cold hits you but does no damage.
An ice devil comes into view.
The ice dragon breathes frost at you. The blast of cold hits you!!!
You die...

................▓▓
..Z..............▓▓
.kD....k..........▓▓
kC.2C.2............▓▓
4D4D1Z..............▓▓
.1.k..b☼☼☼...........▓▓
b21Z...○○○............▓▓
q.Zk..1@☼☼...........∩.▓
...b1YbZb☼............▓▓
C....................▓▓
..1.ZZ.D............▓▓
...................▓▓
..................▓▓
..1..............▓▓
.....1..........▓▓


You could see a white draconian knight, 5 shard shrikes, 3 frost giants, 8 Ice
Fiends, 4 ice dragons, 3 blizzard demons, 2 ice devils, 5 rime drakes, an ice
beast, 2 quicksilver dragon simulacra, a deep elf high priest simulacrum, 2 deep
elf sorcerer simulacra, a titan simulacrum and a glowing shapeshifter
simulacrum.

Vanquished Creatures
  the Royal Jelly (Slime:5)
  Dissolution (Slime:5)
  5 dread liches
  2 ancient liches
  3 juggernauts
  Bai Suzhen (Crypt:2)
  Saint Roka (Snake:2)
  7 caustic shrikes
  10 golden dragons
  5 bone dragons
  3 Brimstone Fiends
  4 iron giants (Zig:23)
  6 tentacled monstrosities
  Rupert (D:15)
  Jorgrun (D:13)
  19 liches
  A hellephant (Zig:13)
  6 Hell Sentinels
  4 quicksilver dragons
  8 titans
  A pandemonium lord (Zig:12)
  25 acid blobs
  3 deep elf blademasters
  5 deep elf master archers
  4 thorn hunters (Swamp:4)
  15 ancient champions
  13 sphinxes
  7 shadow dragons
  An Executioner (Zig:12)
  Kirke (Swamp:4)
  3 draconian monks
  11 tengu reavers
  8 storm dragons
  15 revenants
  61 nagarajas
  A draconian knight (Zig:21)
  12 frost giants
  4 blood saints
  14 vault wardens
  10 deep elf sorcerers
  13 rockslimes
  11 azure jellies
  2 cacodemons
  5 fenstrider witches
  3 draconian scorchers
  12 fire giants
  3 balrugs (Zig:22)
  A juggernaut zombie (Depths:4)
  9 iron dragons
  2 orc warlords
  A draconian stormcaller (Depths:5)
  7 deep elf elementalists (Elf:3)
  10 curse skulls
  5 spectral caustic shrikes (Depths:1)
  2 caustic shrike zombies (Zig:22)
  16 reapers
  4 draconian shifters
  11 ghouls
  33 stone giants
  5 draconian annihilators
  14 quicksilver oozes
  15 war gargoyles
  31 very ugly things
  8 ironbound preservers
  13 vampire knights
  17 deep elf annihilators
  A lorocyproca (Zig:12)
  A green draconian (Depths:5)
  15 deep elf demonologists
  2 black draconians (Zig:7)
  A black sun (Zig:12)
  5 bunyips
  7 entropy weavers
  A white draconian (Depths:5)
  5 red draconians
  7 dire elephants
  A purple draconian (Depths:5)
  3 yellow draconians
  4 green deaths
  10 eidola
  2 blizzard demons
  Snorg (Orc:2)
  11 deep elf death magi
  2 ettins (shapeshifter)
  9 fire dragons
  13 jiangshi
  A quicksilver dragon zombie (D:15)
  14 ettins
  13 deep elf high priests
  5 crystal guardians
  14 yaktaur captains
  10 ice dragons
  7 eleionomae
  6 ironbound thunderhulks
  4 rakshasas
  2 shambling mangroves
  8 boulder beetles
  16 naga warriors
  Harold (Lair:1)
  32 hydras
  2 peacekeepers (Vaults:3)
  15 great orbs of eyes
  5 salamander tyrants
  29 vault guards
  5 ogre magi
  11 spriggan air magi
  8 death knights
  9 ghost crabs
  2 quicksilver dragon skeletons
  2 catoblepae
  15 anacondas
  11 centaur warriors
  7 two-headed ogres
  3 ironbound frosthearts
  18 dancing weapons
  15 deep troll shamans
  An alligator (shapeshifter) (Vaults:5)
  9 alligators
  A two-headed ogre (shapeshifter) (D:14)
  7 tengu warriors
  3 hell hogs (Zig:22)
  19 vampire magi
  A death yak (Zig:21)
  2 thrashing horrors (Zig:11)
  9 deep troll earth magi
  22 naga sharpshooters
  12 spriggan berserkers
  2 titan zombies
  8 soul eaters
  18 hell knights
  12 shock serpents
  4 ironbound beastmasters
  17 deep elf knights
  3 orc high priests (Orc:2)
  3 storm dragon zombies
  4 iron golems
  A wretched star (Zig:2)
  35 skeletal warriors
  A sun demon (Lair:6)
  4 shadow wraiths
  A golden dragon zombie (Zig:15)
  A titan skeleton (Zig:15)
  A death drake (Zig:8)
  28 deep trolls
  A sixfirhy (Swamp:4)
  7 salamander mystics
  13 iron trolls
  6 goliath frogs
  A spatial maelstrom (Zig:11)
  21 phantasmal warriors
  10 glowing orange brains
  11 spriggan druids
  2 shadow demons (Zig:12)
  9 flayed ghosts
  2 storm dragon skeletons
  8 swamp dragons
  16 naga ritualists
  A torturous demonspawn (Depths:1)
  A shadow dragon zombie (Zig:22)
  2 starcursed masses (Zig:11)
  5 bog bodies
  15 wizards
  A tengu zombie (Zig:22)
  A golden dragon skeleton (Depths:4)
  2 anaconda skeletons (Crypt:3)
  2 obsidian statues
  19 deep elf archers
  2 lindwurms (Vaults:1)
  26 ironbound convokers
  An orange crystal statue (Zig:18)
  An iron giant skeleton (Crypt:1)
  12 orc knights
  10 necromancers
  32 deep elf pyromancers
  30 deep elf zephyrmancers
  A wolf spider zombie (Crypt:2)
  A sphinx zombie (Zig:15)
  A mana viper (shapeshifter) (Vaults:5)
  2 oklob plants (Lair:3)
  17 mana vipers
  A stone giant zombie (D:15)
  8 shining eyes
  10 orc sorcerers
  A human zombie (Vaults:3)
  3 cyclopes
  A fire giant zombie (Crypt:3)
  2 tengu skeletons (Zig:22)
  18 salamanders
  8 manticores
  A moth of wrath (Zig:5)
  50 ugly things
  A worldbinder (Zig:11)
  A shadow dragon skeleton (Crypt:3)
  11 will-o-the-wisps
  3 frost giant skeletons
  A frost giant zombie (Zig:15)
  2 iron dragon skeletons
  4 centaur zombies
  3 elephants (shapeshifter) (Zig:19)
  A shock serpent zombie (Crypt:3)
  A sphinx skeleton (Vaults:5)
  38 naga magi
  A spriggan zombie (Zig:15)
  An apocalypse crab (Zig:11)
  8 smoke demons
  7 vault sentinels
  2 ice statues (Zig:18)
  20 guardian serpents
  4 rust devils
  6 elephants
  75 black mambas
  7 gargoyles
  6 orange demons
  A dire elephant skeleton (Crypt:3)
  4 spriggan skeletons (Zig:22)
  2 yaktaur zombies (Vaults:3)
  4 eyes of devastation
  12 cane toads
  4 freezing wraiths
  An unseen horror (D:12)
  3 unseen horrors (shapeshifter)
  A grey draconian zombie (Crypt:2)
  5 elf skeletons (Zig:22)
  3 kobold demonologists
  11 komodo dragons
  2 efreet
  6 torpor snails
  6 rime drakes
  A shock serpent skeleton (Crypt:2)
  A yaktaur (shapeshifter) (Depths:4)
  7 hellions (Zig:22)
  4 tormentors
  21 yaktaurs
  4 ice devils
  5 tengu conjurers
  4 hellwings (Swamp:4)
  A yaktaur skeleton (Vaults:3)
  An ancient zyme (Zig:11)
  A guardian mummy (Crypt:3)
  9 red devils
  6 meliai
  A merfolk (shapeshifter) (Zig:19)
  A harpy zombie (Crypt:1)
  A polar bear (shapeshifter) (D:15)
  3 bloated husks
  10 hornets
  9 trolls
  4 polar bears
  6 tyrant leeches
  23 blink frogs
  86 slime creatures
  A tarantella zombie (Crypt:2)
  2 raiju
  A deep troll zombie (D:15)
  17 dream sheep
  A raiju (shapeshifter) (Vaults:5)
  5 elf zombies
  A frost giant simulacrum (Depths:4)
  An ettin zombie (Crypt:3)
  8 flying skulls
  4 large abominations (Zig:11)
  Sigmund (D:4)
  5 air elementals
  4 redbacks
  3 ettin skeletons
  19 spriggans
  A fire dragon skeleton (D:15)
  A redback (shapeshifter) (Vaults:5)
  8 shadows
  6 wyverns
  4 hogs (Swamp:4)
  49 yaks
  2 ynoxinuls
  An ushabti (Crypt:3)
  12 water elementals
  Grum (D:9)
  2 basilisks (Lair:6)
  19 wraiths
  3 golden eyes
  7 fire elementals
  9 humans
  A black mamba skeleton (Crypt:3)
  A neqoxec (Swamp:4)
  14 vampire mosquitoes
  5 wargs
  5 chaos spawn
  15 swamp worms
  75 nagas
  20 water moccasins
  2 acid dragons
  A torturous demonspawn skeleton (Crypt:1)
  9 hell hounds
  7 floating eyes
  33 orc warriors
  An ice beast (shapeshifter) (Vaults:5)
  Duvessa (D:5)
  4 black bears
  An infernal demonspawn skeleton (Crypt:1)
  4 swamp drakes
  2 ice beasts (D:7)
  2 sky beasts (D:6)
  A snapping turtle zombie (Crypt:2)
  5 necrophages
  9 ogres
  7 boggarts
  A human skeleton (Vaults:5)
  14 centaurs
  18 wolves
  A phantom (D:5)
  Blork the orc (D:4)
  2 kobold brigands
  24 bullfrogs
  6 earth elementals
  Dowan (D:5)
  2 scorpions
  A gnoll sergeant (D:6)
  6 killer bees (D:10)
  4 electric eels
  4 howler monkeys
  5 wights
  14 jellies
  Crazy Yiuf (D:2)
  A centaur skeleton (D:6)
  A hound (D:6)
  2 bullfrog zombies (D:5)
  18 orc priests
  A gnoll shaman (D:7)
  A small abomination (Zig:11)
  4 iguanas
  5 iron imps (Zig:15)
  24 orc wizards
  A scorpion zombie (Crypt:2)
  A demigod zombie (Crypt:1)
  A hound zombie (D:5)
  A hound skeleton (D:4)
  9 mummies (Crypt:3)
  Robin (D:3)
  2 howler monkey zombies
  10 gnolls
  A steam dragon zombie (Crypt:1)
  An adder (D:3)
  A shadow imp (D:6)
  2 white imps
  2 ufetubi
  A lava snake zombie (Crypt:1)
  A worm (D:2)
  A dart slug (D:2)
  67 orcs
  3 bats
  4 endoplasms
  3 giant cockroaches
  22 goblins
  11 hobgoblins
  31 kobolds
  2 quokkas
  3 ball pythons
  A dart slug zombie (Crypt:1)
  A frilled lizard (D:2)
  6 rats
  25 fire vortices
2848 creatures vanquished.

Vanquished Creatures (collateral kills)
  Mennas (Vaults:3)
  A tentacled starspawn (Zig:2)
  An azure jelly (Slime:5)
  A draconian knight (Zig:3)
  A slime creature (Zig:17)
  2 orc priests (Snake:2)
  2 orcs (Snake:2)
9 creatures vanquished.

Vanquished Creatures (others)
  A draconian scorcher (Zig:21)
  2 vault guards (D:14)
  A naga warrior (Zig:20)
  A death knight (D:14)
  A deep elf pyromancer (D:14)
  A mana viper (Snake:3)
  A tormentor (Zig:12)
  Psyche (D:9)
  A bloated husk (Swamp:3)
  A yak (D:10)
  A human (D:14)
  A swamp drake (Swamp:3)
  A centaur (Volcano)
  52 fire vortices
  22 foxfires
  38 fungi
  89 plants
  55 withered plants
270 creatures vanquished.

Grand Total: 3127 creatures vanquished

Notes
Turn   | Place    | Note
-------+----------+-------------------------------------------
     0 | D:1      | gfdjw the Gargoyle Earth Elementalist began the quest for
                  | the Orb.
     0 | D:1      | Reached XP level 1. HP: 10/10 MP: 3/3
   332 | D:1      | Reached XP level 2. HP: 8/15 MP: 3/5
   466 | D:1      | Found a faded altar of an unknown god.
  1338 | D:2      | Reached XP level 3. HP: 19/19 MP: 6/6
  1342 | D:2      | Learned a level 3 spell: Stone Arrow
  2125 | D:2      | Found a runed translucent door.
  2126 | D:2      | Noticed Crazy Yiuf
  2400 | D:2      | Killed Crazy Yiuf
  2401 | D:2      | Reached skill level 1 in Conjurations
  2401 | D:2      | Reached XP level 4. HP: 16/24 MP: 0/8
  2735 | D:3      | Found a bloodstained altar of Trog.
  2739 | D:3      | Found a sacrificial altar of Ru.
  2746 | D:3      | Found a stormy altar of Qazlal.
  2767 | D:3      | Noticed Robin
  2841 | D:3      | Gained mutation: Your spells are a little easier to cast,
                  | but a little less powerful. [potion of mutation]
  2841 | D:3      | Gained mutation: Your mind is acute. (Int +2) [potion of
                  | mutation]
  3116 | D:3      | Killed Robin
  3117 | D:3      | Reached skill level 5 in Earth Magic
  3737 | D:4      | Noticed Blork the orc
  3772 | D:4      | Reached XP level 5. HP: 22/28 MP: 6/9
  3777 | D:4      | Killed Blork the orc
  4040 | D:4      | Identified the +2 leather armour "Caproumi" {+Blink Str+3}
  4098 | D:4      | Reached XP level 6. HP: 31/32 MP: 1/11
  4193 | D:4      | Noticed Sigmund
  4209 | D:4      | Killed Sigmund
  4458 | D:4      | Noticed a necrophage
  4472 | D:4      | Killed a necrophage
  4473 | D:4      | Reached XP level 7. HP: 33/36 MP: 13/13
  5084 | D:5      | Entered Level 5 of the Dungeon
  5309 | D:5      | Noticed Dowan
  5311 | D:5      | Noticed Duvessa
  5695 | D:5      | Reached skill level 1 in Armour
  5695 | D:5      | Reached XP level 8. HP: 42/42 MP: 8/15
  5700 | D:5      | Killed Duvessa
  5701 | D:5      | Reached skill level 1 in Fighting
  5701 | D:5      | Reached skill level 1 in Maces & Flails
  5701 | D:5      | Reached skill level 1 in Evocations
  5720 | D:5      | Killed Dowan
  6000 | D:5      | Reached skill level 5 in Spellcasting
  6000 | D:5      | Reached skill level 5 in Conjurations
  6368 | D:6      | Reached skill level 2 in Fighting
  6681 | D:6      | Found a staircase to the Ecumenical Temple.
  6690 | Temple   | Entered the Ecumenical Temple
  6877 | Temple   | Became a worshipper of Vehumet
  7040 | D:6      | Reached XP level 9. HP: 37/49 MP: 15/17
  7154 | D:6      | Reached skill level 3 in Fighting
  7166 | D:6      | Learned a level 5 spell: Lee's Rapid Deconstruction
  7660 | D:6      | Identified a scroll of acquirement
  7660 | D:6      | Acquired 618 gold pieces
  8005 | D:7      | Reached * piety under Vehumet
  8005 | D:7      | Offered knowledge of Shock by Vehumet.
  8182 | D:7      | Reached skill level 4 in Fighting
  8319 | D:7      | Reached XP level 10. HP: 42/56 MP: 18/18
  9164 | D:8      | Noticed a kobold demonologist
  9171 | D:8      | Noticed a sixfirhy
  9179 | D:8      | Killed a kobold demonologist
  9657 | D:8      | Noticed a two-headed ogre
  9664 | D:8      | Killed a two-headed ogre
 10237 | D:9      | Noticed a two-headed ogre
 10246 | D:9      | Killed a two-headed ogre
 10247 | D:9      | Reached skill level 5 in Fighting
 10421 | D:9      | Found a white marble altar of Elyvilon.
 10421 | D:9      | Found a glowing golden altar of the Shining One.
 10421 | D:9      | Found a glowing silver altar of Zin.
 10552 | D:9      | Noticed Grum
 10561 | D:9      | Killed Grum
 10563 | D:9      | Reached skill level 5 in Armour
 10878 | D:9      | Noticed a manticore
 10884 | D:9      | Killed a manticore
 10908 | D:9      | Noticed Psyche
 10912 | D:9      | Noticed a centaur warrior
 10921 | D:9      | Killed Psyche
 10933 | D:9      | Killed a centaur warrior
 10933 | D:9      | Offered knowledge of Freeze by Vehumet.
 10934 | D:9      | Reached skill level 5 in Maces & Flails
 10934 | D:9      | Reached XP level 11. HP: 16/64 MP: 5/21
 11311 | D:9      | Reached ** piety under Vehumet
 11326 | D:9      | Found a staircase to the Orcish Mines.
 11551 | D:9      | Found Etsyuwn's Armour Emporium.
 11703 | D:10     | Entered Level 10 of the Dungeon
 11704 | D:10     | Found a staircase to the Lair.
 12131 | D:10     | Reached skill level 6 in Fighting
 12144 | D:10     | Offered knowledge of Mephitic Cloud by Vehumet.
 12820 | D:11     | Found Rigeerph's Distillery.
 12839 | D:11     | Reached skill level 5 in Evocations
 12850 | D:11     | Reached skill level 5 in Dodging
 12870 | D:11     | Bought a potion of curing for 54 gold pieces
 12870 | D:11     | Bought a potion of curing for 54 gold pieces
 12870 | D:11     | Bought a potion of magic for 144 gold pieces
 12870 | D:11     | Bought a potion of resistance for 180 gold pieces
 12870 | D:11     | Bought a potion of cancellation for 144 gold pieces
 12870 | D:11     | Bought a potion of brilliance for 72 gold pieces
 12870 | D:11     | Bought a potion of brilliance for 72 gold pieces
 12996 | D:11     | Noticed a two-headed ogre
 13003 | D:11     | Killed a two-headed ogre
 13547 | D:11     | Reached *** piety under Vehumet
 13682 | D:11     | Noticed a boulder beetle
 13697 | D:11     | Killed a boulder beetle
 14019 | D:11     | Reached XP level 12. HP: 69/71 MP: 23/23
 14070 | D:11     | Noticed a two-headed ogre
 14080 | D:11     | Killed a two-headed ogre
 14081 | D:11     | Reached skill level 10 in Earth Magic
 14224 | D:11     | Noticed a two-headed ogre
 14229 | D:11     | Killed a two-headed ogre
 14230 | D:11     | Reached skill level 7 in Fighting
 14350 | D:11     | Found a hazy altar of Hepliaklqana.
 15193 | D:12     | Offered knowledge of Hailstorm by Vehumet.
 15637 | D:12     | Noticed a two-headed ogre
 15644 | D:12     | Noticed a soul eater
 15654 | D:12     | Noticed a soul eater
 15660 | D:12     | Killed a two-headed ogre
 16884 | D:13     | Noticed a seven-headed hydra
 16885 | D:13     | Found a flagged portal.
 16888 | D:13     | Killed a seven-headed hydra
 16888 | D:13     | Noticed Jorgrun
 16892 | D:13     | Noticed a boulder beetle
 16894 | D:13     | Noticed a centaur warrior
 16899 | Bailey   | Entered a bailey
 16974 | Bailey   | Noticed an orc warlord
 17112 | Bailey   | Reached **** piety under Vehumet
 17126 | Bailey   | Offered knowledge of Ignite Poison by Vehumet.
 17358 | Bailey   | Found a runed translucent gate.
 17359 | Bailey   | Found a runed translucent gate.
 17361 | Bailey   | Found a runed translucent gate.
 17510 | Bailey   | Killed an orc warlord
 17671 | Bailey   | Identified the ring "Zarosu" {EV+4 Dex+7}
 17751 | D:13     | Killed a centaur warrior
 17752 | D:13     | Reached skill level 8 in Fighting
 17752 | D:13     | Reached XP level 13. HP: 34/78 MP: 10/25
 18146 | D:13     | Learned a level 5 spell: Yara's Violent Unravelling
 18481 | D:13     | Killed Jorgrun
 18482 | D:13     | Reached skill level 1 in Hexes
 19939 | D:14     | Reached ***** piety under Vehumet
 20913 | D:14     | Reached skill level 10 in Conjurations
 21109 | D:14     | Offered knowledge of Ozocubu's Refrigeration by Vehumet.
 21241 | D:14     | Killed a vault guard
 22051 | D:14     | Reached skill level 9 in Fighting
 22107 | D:14     | Learned a level 2 spell: Passwall
 22175 | D:14     | HP: 2/80 [yaktaur/bolt (14)]
 22575 | D:14     | Gained mutation: Your large and strong wings let you fly.
                  | [Gargoyle growth]
 22575 | D:14     | Reached XP level 14. HP: 76/86 MP: 7/27
 23262 | D:14     | Lost mutation: Your mind is acute. (Int +2) [potion of
                  | mutation]
 23262 | D:14     | Lost mutation: Your spells are a little easier to cast, but
                  | a little less powerful. [potion of mutation]
 23262 | D:14     | Gained mutation: You sometimes lose the ability to read
                  | scrolls when taking damage. [potion of mutation]
 23262 | D:14     | Gained mutation: Your flesh is heat resistant. (rF+)
                  | [potion of mutation]
 23681 | D:14     | Found a gate to the Vaults.
 23694 | D:14     | Acquired the ring of the Seven Bones {rCorr MP+9 Str+8
                  | Dex-2 SInv}
 24187 | Lair:1   | Entered Level 1 of the Lair of Beasts
 24806 | Lair:1   | Reached skill level 5 in Hexes
 24950 | Lair:1   | Lost mutation: You sometimes lose the ability to read
                  | scrolls when taking damage. [potion of mutation]
 24950 | Lair:1   | Lost mutation: Your flesh is heat resistant. (rF+) [potion
                  | of mutation]
 24950 | Lair:1   | Gained mutation: You are robust. (+10% HP) [potion of
                  | mutation]
 24950 | Lair:1   | Gained mutation: You are somewhat resistant to further
                  | mutation. [potion of mutation]
 25221 | Lair:1   | Noticed Harold
 25234 | Lair:1   | Killed Harold
 26569 | Lair:2   | Learned a level 5 spell: Fireball
 27172 | Lair:3   | Offered knowledge of Conjure Ball Lightning by Vehumet.
 27173 | Lair:3   | Reached skill level 1 in Fire Magic
 27383 | Lair:3   | Found a staircase to the Snake Pit.
 27687 | Lair:3   | Reached XP level 15. HP: 98/101 MP: 28/28
 27689 | Lair:3   | Reached XP level 16. HP: 103/106 MP: 28/29
 27690 | Lair:3   | Reached XP level 17. HP: 109/111 MP: 29/30
 28794 | Lair:4   | Reached skill level 10 in Fighting
 29331 | D:15     | Entered Level 15 of the Dungeon
 30736 | Lair:4   | Found a staircase to the Swamp.
 31970 | Lair:5   | Found a staircase to the Slime Pits.
 32030 | Lair:5   | Found a runed translucent door.
 32045 | Lair:5   | Noticed Mitamm's ghost (journeyman OpVM)
 32231 | Lair:6   | Entered Level 6 of the Lair of Beasts
 32318 | Lair:6   | Found a dark tunnel.
 32328 | Volcano  | Entered a volcano
 32603 | Volcano  | Offered knowledge of Spellforged Servitor by Vehumet.
 32606 | Volcano  | Reached skill level 10 in Spellcasting
 33975 | Lair:6   | Reached skill level 10 in Fire Magic
 34527 | Lair:6   | Found a burning altar of Makhleb.
 34793 | Lair:6   | Found a gateway to Hell.
 35166 | Orc:1    | Entered Level 1 of the Orcish Mines
 35480 | Orc:2    | Entered Level 2 of the Orcish Mines
 35509 | Orc:1    | Offered knowledge of Starburst by Vehumet.
 35665 | Orc:2    | Noticed Snorg
 35679 | Orc:2    | Killed Snorg
 35857 | Orc:2    | Found a staircase to the Elven Halls.
 36197 | Orc:2    | Learned a level 6 spell: Starburst
 36334 | Orc:2    | Found Faffekhych's Antique Armour Boutique.
 36334 | Orc:2    | Found Baten's Assorted Antiques.
 36335 | Orc:2    | Found Lamul's Book Emporium.
 36335 | Orc:2    | Found Qeliuss's General Store.
 36370 | Orc:2    | Bought a potion of curing for 93 gold pieces
 36370 | Orc:2    | Bought a potion of magic for 248 gold pieces
 36384 | Orc:2    | Bought a runed helmet for 277 gold pieces
 36710 | Orc:2    | Found a gateway to a bazaar.
 37060 | Orc:1    | Found Ylei's Jewellery Emporium.
 37775 | D:15     | Noticed Rupert
 37778 | D:15     | Reached XP level 18. HP: 116/118 MP: 22/32
 37789 | D:15     | Killed Rupert
 37790 | D:15     | Reached skill level 10 in Maces & Flails
 37856 | D:15     | Found a staircase to the Depths.
 37868 | D:15     | Reached ****** piety under Vehumet
 38561 | D:15     | Reached skill level 11 in Fighting
 39340 | Snake:1  | Entered Level 1 of the Snake Pit
 39346 | Snake:1  | Offered knowledge of Lightning Bolt by Vehumet.
 40910 | Snake:1  | Found Ziuposhre's Jewellery Emporium.
 40911 | Snake:1  | Found Visimexo's Book Boutique.
 40912 | Snake:1  | Found Jely's Jewellery Emporium.
 43145 | Snake:2  | Offered knowledge of Iron Shot by Vehumet.
 43270 | Snake:2  | You are sucked into a shaft and drop 1 floor!
 43312 | Snake:3  | Found Uwugum's Magic Scroll Shop.
 43314 | Snake:3  | Found Ixtyo's Assorted Antiques.
 43316 | Snake:3  | Found Tuufrucy's Antique Armour Shop.
 43322 | Snake:3  | Bought a scroll of brand weapon for 400 gold pieces
 43758 | Snake:3  | Reached XP level 19. HP: 127/127 MP: 33/33
 43968 | Snake:3  | Reached skill level 10 in Evocations
 44645 | Snake:3  | Learned a level 6 spell: Iron Shot
 44899 | Snake:2  | Noticed Saint Roka
 44916 | Snake:2  | Killed Saint Roka
 46448 | Bazaar   | Entered a bazaar
 46448 | Bazaar   | Found Uman's Armour Shoppe.
 46448 | Bazaar   | Found Nuexuhes's Jewellery Emporium.
 46483 | Bazaar   | Found Wozanelli's Book Boutique.
 46489 | Bazaar   | Found Luny's Magic Scroll Shop.
 46577 | Bazaar   | Found Ticw's General Store.
 46624 | Bazaar   | Bought a scroll of silence for 142 gold pieces
 46624 | Bazaar   | Bought a scroll of enchant weapon for 142 gold pieces
 46873 | Snake:1  | Bought a book of Fire for 1040 gold pieces
 46883 | Snake:1  | Learned a level 8 spell: Ignition
 46962 | Snake:4  | Entered Level 4 of the Snake Pit
 46975 | Snake:3  | Reached skill level 12 in Fighting
 47174 | Swamp:1  | Entered Level 1 of the Swamp
 47245 | Swamp:1  | Offered knowledge of Orb of Destruction by Vehumet.
 47508 | Swamp:1  | Noticed a tentacled monstrosity
 47529 | Swamp:1  | Killed a tentacled monstrosity
 50560 | Swamp:3  | Reached skill level 15 in Fire Magic
 50616 | Swamp:3  | Reached XP level 20. HP: 108/134 MP: 28/35
 51539 | Swamp:4  | Entered Level 4 of the Swamp
 51696 | Swamp:4  | Noticed Kirke
 51709 | Swamp:4  | Killed Kirke
 52012 | Swamp:3  | Identified the amulet "Poury" {Spirit Will+ SInv}
 52684 | Swamp:4  | Got a decaying rune of Zot
 53422 | Swamp:4  | Offered knowledge of Lehudib's Crystal Spear by Vehumet.
 53422 | Swamp:4  | Offered knowledge of Fire Storm by Vehumet.
 53422 | Swamp:4  | Offered knowledge of Shatter by Vehumet.
 56047 | Snake:4  | Reached XP level 21. HP: 140/140 MP: 36/36
 56143 | Snake:4  | Reached skill level 15 in Earth Magic
 56145 | Snake:4  | Reached skill level 10 in Dodging
 56668 | Snake:4  | Got a serpentine rune of Zot
 56822 | Snake:4  | Identified the +7 arbalest "Evead" {elec, rN+}
 57092 | Vaults:1 | Entered Level 1 of the Vaults
 58442 | Vaults:1 | Identified the +2 battleaxe "Hiffittu" {spect, rF- rN+++
                  | Will- Int+5}
 59050 | Vaults:1 | Found a portal to a secret trove of treasure.
 59637 | Vaults:2 | Found a staircase to the Crypt.
 59947 | Vaults:2 | Reached skill level 13 in Fighting
 61651 | Elf:1    | Entered Level 1 of the Elven Halls
 61658 | Elf:1    | Reached XP level 22. HP: 148/148 MP: 25/38
 62585 | Elf:1    | Identified the Reference Book on Summoning
 62594 | Elf:1    | Found Uceamuli's Antique Weapon Shop.
 62943 | Elf:2    | Found Lakhu's Armour Shop.
 63035 | Elf:2    | Paralysed by an orc sorcerer for 2 turns
 63052 | Elf:2    | Identified the +1 leather armour of the Barnacle {Fly}
 63505 | Elf:2    | Found a runed translucent door.
 63518 | Elf:2    | Noticed Renjy's ghost (adept KoGl)
 63776 | Elf:2    | Found a huge runed translucent gate.
 63776 | Elf:2    | Found a huge runed translucent gate.
 63789 | Elf:2    | Found a huge runed translucent gate.
 63791 | Elf:2    | Found a huge runed translucent gate.
 63791 | Elf:2    | Found a huge runed translucent gate.
 64052 | Elf:3    | Entered Level 3 of the Elven Halls
 64394 | Elf:3    | Found a runed translucent gate.
 64394 | Elf:3    | Found a runed translucent gate.
 64395 | Elf:3    | Found a runed translucent gate.
 64396 | Elf:3    | Noticed Lemonice's ghost (adept MfGl)
 64397 | Elf:3    | Noticed Suip's ghost (adept MiFi)
 65609 | Elf:3    | Identified the ring "Irullamy" {Wiz rC+ rN+ Dex+2}
 65616 | Elf:3    | Identified the ring of Traps {rCorr Str+6 Int+5 Dex+4
                  | Stlth-}
 66020 | Elf:3    | Reached XP level 23. HP: 155/155 MP: 26/39
 66030 | Elf:3    | Identified the +11 rapier of the Jolly Planets {pain,
                  | Dex+10}
 66030 | Elf:3    | Identified the ring "Disiutz" {rPois Str+4 Int-4 Dex+6
                  | SInv}
 66406 | Elf:3    | Identified the +3 cloak of True Grit {-Tele rCorr Str+6
                  | Dex+9}
 67191 | Vaults:3 | Reached skill level 14 in Fighting
 67616 | Vaults:3 | Noticed Mennas
 67728 | Vaults:3 | Identified the +4 kite shield "Wacin" {-Cast Rampage rPois
                  | rF+++}
 67730 | Vaults:3 | Identified the +7 war axe "Orb Guardian's Foe" {vorpal,
                  | rN++ Int+7 Dex-2 Stlth+}
 68932 | Vaults:4 | Found Hyvemoj's Armour Shop.
 68955 | Vaults:4 | Found Upuwk's Magic Scroll Shop.
 68963 | Vaults:4 | Bought a scroll of summoning for 114 gold pieces
 68963 | Vaults:4 | Bought a scroll of magic mapping for 42 gold pieces
 68963 | Vaults:4 | Bought a scroll of teleportation for 36 gold pieces
 69453 | Vaults:4 | Paralysed by a great orb of eyes for 6 turns
 69848 | Vaults:4 | Found Gaagoggoi's Antique Weapon Emporium.
 70140 | Vaults:5 | Entered Level 5 of the Vaults
 70143 | Vaults:5 | Reached skill level 15 in Conjurations
 70315 | Vaults:4 | Learned a level 9 spell: Shatter
 71104 | Vaults:3 | Killed Mennas
 71877 | Vaults:5 | Paralysed by a sphinx for 6 turns
 71884 | Vaults:5 | Reached XP level 24. HP: 28/163 MP: 40/40
 72300 | Vaults:5 | Identified the +1 leather armour of Loel {rN+ Slay+3}
 73052 | Vaults:5 | Reached skill level 15 in Fighting
 73485 | Vaults:5 | Acquired 925 gold pieces
 73528 | Vaults:5 | Got a silver rune of Zot
 73653 | Vaults:5 | Identified the ring of Reedd {Will+ Str+4 Int+4 Dex+3}
 74428 | Crypt:1  | Entered Level 1 of the Crypt
 74954 | Crypt:1  | Identified the Almanac of Captivating Black Rites
 75441 | Crypt:1  | HP: 4/166 [mirror damage (38)]
 76915 | Snake:3  | Bought a scroll of teleportation for 60 gold pieces
 76915 | Snake:3  | Bought a scroll of teleportation for 60 gold pieces
 76915 | Snake:3  | Bought a scroll of teleportation for 60 gold pieces
 76915 | Snake:3  | Bought a scroll of blinking for 150 gold pieces
 76915 | Snake:3  | Bought a scroll of blinking for 150 gold pieces
 76915 | Snake:3  | Bought a scroll of magic mapping for 70 gold pieces
 76915 | Snake:3  | Bought a scroll of teleportation for 60 gold pieces
 76915 | Snake:3  | Bought a scroll of magic mapping for 70 gold pieces
 76917 | Snake:3  | Bought a potion of haste for 390 gold pieces
 76919 | Snake:3  | Bought a pair of embroidered boots for 330 gold pieces
 77016 | Snake:1  | Bought a book of Annihilations for 1766 gold pieces
 77455 | Crypt:2  | Reached XP level 25. HP: 117/171 MP: 40/40
 77558 | Crypt:2  | Noticed Bai Suzhen
 77566 | Crypt:2  | Killed Bai Suzhen
 78078 | Crypt:3  | Entered Level 3 of the Crypt
 78308 | Crypt:3  | Reached skill level 16 in Fighting
 79596 | Crypt:3  | Found a staircase to the Tomb.
 79632 | Crypt:3  | Noticed a dread lich
 79638 | Crypt:3  | Killed a dread lich
 79730 | Crypt:3  | Noticed a dread lich
 79734 | Crypt:3  | Killed a dread lich
 80422 | Crypt:3  | Identified the ring of the Oligarchy {rN+ Will+}
 80549 | Crypt:3  | Identified the +1 robe of Brilliance {rPois}
 80884 | Depths:1 | Entered Level 1 of the Depths
 81350 | Depths:1 | Identified the ring "Acreumn" {+Blink Int+6}
 81380 | Depths:1 | Identified the amulet of Xom's Ringing Laughter {Reflect
                  | rElec SH+5}
 81512 | Depths:1 | Found a transporter.
 81906 | Depths:1 | Reached XP level 26. HP: 93/181 MP: 41/41
 82197 | Depths:1 | Identified Sif Muna's Grimoire of Feathers and the
                  | Volcanoes
 82231 | Depths:1 | Found a one-way gate leading to the halls of Pandemonium.
 82271 | Depths:1 | Reached skill level 17 in Fighting
 82768 | Depths:1 | Found a transporter.
 83235 | Depths:1 | Identified the ring "Hunu" {rPois rN++ MP-9 Int+6 Slay+2}
 83239 | Depths:1 | Identified the +1 battleaxe "Dobbous" {vorpal, rPois}
 83254 | Depths:1 | Identified the ring of Ykheogi {Fire Will+ Slay+3}
 83697 | Depths:1 | Learned a level 9 spell: Fire Storm
 84114 | Depths:2 | Reached skill level 15 in Maces & Flails
 84726 | Depths:2 | Found an ancient bone altar of Kikubaaqudgha.
 85185 | Depths:2 | Found a gateway to a ziggurat.
 85286 | Depths:2 | Found Neax's Distillery.
 85288 | Depths:2 | Found Saofa's Weapon Shoppe.
 85288 | Depths:2 | Found Cithru's Armour Emporium.
 85295 | Depths:2 | Found Cemiobom's Armour Shoppe.
 85318 | Depths:2 | Bought a potion of curing for 63 gold pieces
 85318 | Depths:2 | Bought a potion of haste for 210 gold pieces
 85318 | Depths:2 | Bought a potion of haste for 210 gold pieces
 85318 | Depths:2 | Bought a potion of curing for 63 gold pieces
 85318 | Depths:2 | Bought a potion of magic for 168 gold pieces
 85318 | Depths:2 | Bought a potion of heal wounds for 105 gold pieces
 85318 | Depths:2 | Bought a potion of curing for 63 gold pieces
 85318 | Depths:2 | Bought a potion of resistance for 210 gold pieces
 85318 | Depths:2 | Bought a potion of cancellation for 168 gold pieces
 85318 | Depths:2 | Bought a potion of curing for 63 gold pieces
 85606 | Depths:3 | Found Ucesa's Armour Emporium.
 86419 | Depths:3 | Reached skill level 18 in Fighting
 86557 | Depths:3 | Found Gotwoc's Book Shoppe.
 86696 | Depths:3 | Identified the ring of Day {rC+ rN+}
 86706 | Depths:3 | Noticed a juggernaut
 86715 | Depths:3 | Killed a juggernaut
 86716 | Depths:3 | Reached skill level 15 in Spellcasting
 86716 | Depths:3 | Reached XP level 27. HP: 171/191 MP: 42/42
 86722 | Depths:3 | Identified the +8 triple sword "Ruzer" {protect, rC+ Will+
                  | Int+3}
 86814 | Depths:3 | Identified the +7 scale mail of Untold Secrets {rN+ Int+3
                  | Dex+2}
 87118 | Depths:3 | Found Vozy's Magic Scroll Emporium.
 87128 | Depths:3 | Bought a scroll of enchant armour for 135 gold pieces
 87518 | Depths:4 | You are sucked into a shaft and drop 1 floor!
 87518 | Depths:5 | Entered Level 5 of the Depths
 88533 | Depths:4 | Reached skill level 19 in Fighting
 89005 | Depths:4 | Found Faval's Antique Weapon Shop.
 89296 | Depths:4 | Found a corrupted altar of Lugonu.
 89296 | Depths:4 | Found a one-way gate to the infinite horrors of the Abyss.
 89938 | Depths:4 | Upgraded the game from 0.27-a0-1188-g73eefd5def to
                  | 0.27-a0-1189-gb8eb6cee8e
 90035 | Depths:5 | Acquired 885 gold pieces
 90040 | Depths:5 | Paralysed by a floating eye for 2 turns
 90046 | Depths:5 | Paralysed by a floating eye for 2 turns
 90100 | Depths:5 | Noticed a juggernaut
 90425 | Depths:5 | Paralysed by a floating eye for 3 turns
 90849 | Depths:5 | Reached skill level 20 in Fighting
 90996 | Depths:5 | Killed a juggernaut
 91276 | Depths:5 | Found a gate to the Realm of Zot.
 92186 | Slime:1  | Entered Level 1 of the Pits of Slime
 92546 | Slime:5  | Entered Level 5 of the Pits of Slime
 92560 | Slime:5  | Noticed Dissolution
 92567 | Slime:5  | Killed Dissolution
 92792 | Slime:5  | Noticed the Royal Jelly
 92796 | Slime:5  | Killed the Royal Jelly
 92873 | Slime:5  | Identified the +8 war axe of Gozag's Envy {vorpal, Dex+4
                  | SInv}
 92894 | Slime:5  | Identified the +4 spear of Zin's Supremacy {holy, Fragile
                  | Int+7 Dex+6}
 92901 | Slime:5  | Identified the +4 glaive of the Ecumenical Temple {chaos,
                  | rPois Str+6 Dex-4 Stlth+}
 92904 | Slime:5  | Identified the +2 flail of Anguish {freeze, rElec rN+
                  | Int-4}
 92938 | Slime:5  | Got a slimy rune of Zot
 92968 | Slime:5  | Identified the +2 fustibalus of Intuition {speed, rF+ Will+
                  | SInv}
 93332 | Zig:1    | Entered Level 1 of a ziggurat
 93350 | Zig:2    | Entered Level 2 of a ziggurat
 93387 | Zig:3    | Entered Level 3 of a ziggurat
 93426 | Zig:4    | Entered Level 4 of a ziggurat
 93615 | Zig:4    | Identified the +7 short sword "Bubimauw" {flame, rC+ Int+2
                  | Dex+3}
 93631 | Zig:5    | Entered Level 5 of a ziggurat
 93634 | Zig:5    | Noticed a juggernaut
 93638 | Zig:5    | Killed a juggernaut
 93657 | Zig:6    | Entered Level 6 of a ziggurat
 93734 | Zig:7    | Entered Level 7 of a ziggurat
 93743 | Zig:7    | Reached skill level 15 in Dodging
 93762 | Zig:7    | Identified the Collected Works on Transformation and the
                  | Arsonist
 93768 | Zig:7    | Identified the +12 trident of Supax {venom, Str+2}
 93771 | Zig:8    | Entered Level 8 of a ziggurat
 93802 | Zig:8    | Identified the +0 buckler "Doteaxyu" {Will+ Str+6}
 93817 | Zig:9    | Entered Level 9 of a ziggurat
 93826 | Zig:9    | Found the +9 heavy crossbow "Sniper" {vorpal, Acc+∞ SInv}
 93828 | Zig:9    | Reached skill level 1 in Shields
 93872 | Zig:10   | Entered Level 10 of a ziggurat
 93907 | Zig:10   | Identified the +4 shadow dragon scales of the Circus Animal
                  | {rC+ rN+ Stlth++++}
 93918 | Zig:10   | Reached skill level 21 in Fighting
 93923 | Zig:10   | Identified the +7 hand axe of Dauc {venom, *Slow Str+5}
 93936 | Zig:11   | Entered Level 11 of a ziggurat
 93960 | Zig:11   | Identified the +3 rapier "Asanakh" {vorpal, Will+ Str+5
                  | SInv}
 93966 | Zig:11   | Identified the Handbook of Malediction and the Frostbite
 93969 | Zig:11   | Identified the +6 chain mail of the Mind {Harm Stlth+}
 93970 | Zig:11   | Identified the +5 arbalest "Xysobbug" {penet, rElec rPois
                  | rC+ rN+}
 93973 | Zig:11   | Identified the +2 buckler of Lightning Storm {rF+ Dex+2}
 93994 | Zig:12   | Entered Level 12 of a ziggurat
 94003 | Zig:12   | Noticed Totymn the pandemonium lord
 94009 | Zig:12   | HP: 6/200 [Brimstone Fiend/damnation (46)]
 94011 | Zig:12   | Killed Totymn the pandemonium lord
 94489 | Zig:12   | Identified the +0 buckler "Luw Qene" {Rampage Drain rF+++
                  | Dex-3}
 94512 | Zig:13   | Entered Level 13 of a ziggurat
 94556 | Zig:13   | Identified the +2 pair of gloves of Slimy Wonder {Rampage}
 94558 | Zig:13   | Identified the +5 hand crossbow "Tovokim" {vorpal, Will+}
 94580 | Zig:13   | Identified the ring "Oxod" {Ice +Blink Dex+4 Stlth+}
 94600 | Zig:14   | Entered Level 14 of a ziggurat
 94806 | Zig:14   | Identified the +8 long sword "Transmigrator" {antimagic,
                  | Dex+9}
 94825 | Zig:14   | Identified the ring "Atyzumn" {*Corrode rC+++ Slay-6 SInv
                  | Stlth+}
 94835 | Zig:14   | Identified the amulet of Veneh {Faith rN+ Dex+3}
 94839 | Zig:14   | Identified Nyfa's Disquisition on Mutagenic Cold
 94849 | Zig:15   | Entered Level 15 of a ziggurat
 94960 | Zig:15   | Reached skill level 22 in Fighting
 95002 | Zig:15   | Learned a level 9 spell: Absolute Zero
 95003 | Zig:16   | Entered Level 16 of a ziggurat
 95016 | Zig:16   | Reached skill level 5 in Ice Magic
 95028 | Zig:16   | Identified the +8 dire flail "Kisanorph" {elec, rCorr
                  | Str+5}
 95032 | Zig:16   | Identified the +14 plate armour "Omuewar" {Drain Int+2
                  | SInv}
 95036 | Zig:16   | Identified the ring "Tesiuss" {rC- Will+ MP+9 Int+4 Stlth+}
 95045 | Zig:16   | Identified the +7 chain mail of Recklessness {Int+4}
 95059 | Zig:17   | Entered Level 17 of a ziggurat
 95072 | Zig:17   | Reached skill level 10 in Ice Magic
 95074 | Zig:17   | Reached skill level 23 in Fighting
 95161 | Zig:17   | Identified the +1 ring mail of Evolution {-Cast Dex+7 SInv
                  | Stlth+}
 95176 | Zig:17   | Identified the +3 bardiche "Sommo" {freeze, Str+5}
 95184 | Zig:18   | Entered Level 18 of a ziggurat
 95198 | Zig:18   | Noticed an ancient lich
 95198 | Zig:18   | Noticed a dread lich
 95200 | Zig:18   | Killed an ancient lich
 95202 | Zig:18   | Killed a dread lich
 95257 | Zig:18   | Identified Xawium's Handbook of Air
 95267 | Zig:18   | Identified the +7 ice dragon scales "Labbohuq" {rF- rC++
                  | rN+}
 95271 | Zig:18   | Identified the +9 hand crossbow "Zusuerad" {elec, Dex+6}
 95291 | Zig:19   | Entered Level 19 of a ziggurat
 95298 | Zig:19   | Noticed an ancient lich
 95299 | Zig:19   | Noticed a dread lich
 95302 | Zig:19   | Reached skill level 24 in Fighting
 95302 | Zig:19   | Killed a dread lich
 95303 | Zig:19   | Reached skill level 15 in Ice Magic
 95303 | Zig:19   | Killed an ancient lich
 95325 | Zig:19   | Identified the Collected Works on Arcane Weapons
 95330 | Zig:19   | Identified the +3 ring mail of the Lotus Blossom {Contam
                  | Fly rC+ Slay+6}
 95334 | Zig:19   | Identified the +12 short sword of Disgust {vorpal, rF+ rN+
                  | Will+}
 95344 | Zig:19   | Identified the Disquisition on Calling
 95354 | Zig:19   | Identified the ring "Quceg" {rC+ Int+3 Dex+4 SInv}
 95373 | Zig:20   | Entered Level 20 of a ziggurat
 95387 | Zig:20   | Reached skill level 25 in Fighting
 95402 | Zig:20   | Found the +13 scythe of Curses {drain, Drain}
 95409 | Zig:20   | Identified the ring "Hiohaudyt" {Str+2 Int+6}
 95420 | Zig:20   | Identified the +8 hand axe "Erghaiph" {vorpal, Fragile
                  | rPois rN+ Str+3 Int+3}
 95430 | Zig:20   | Identified the +6 morningstar of Gloom {freeze, +Rage}
 95508 | Zig:21   | Entered Level 21 of a ziggurat
 95860 | Zig:21   | Identified the +0 leather armour of Dishonour {rN+++ Will-
                  | Str+6}
 95861 | Zig:21   | Identified the amulet "Fixur" {Faith Fly}
 95886 | Zig:22   | Entered Level 22 of a ziggurat
 95928 | Zig:22   | Identified the +9 spear "Petent" {vorpal, rPois Dex+5}
 95934 | Zig:22   | Identified the +3 battleaxe "Cenuss" {freeze, Fragile rPois
                  | rC+ Str+2}
 95957 | Zig:23   | Entered Level 23 of a ziggurat
 95970 | Zig:23   | Reached skill level 26 in Fighting
 96045 | Zig:23   | Identified the +5 trident "Ibuh" {vorpal, Str+4}
 96065 | Zig:23   | Identified the +2 pair of gloves of Action {Contam Rampage
                  | rPois Will+++}
 96104 | Zig:24   | Entered Level 24 of a ziggurat
 96120 | Zig:24   | Noticed a dread lich
 96122 | Zig:24   | Killed a dread lich
 96348 | Zig:24   | Identified the +8 lajatang "Jel Nuts" {antimagic, rC+ Will+
                  | rCorr Dex+4}
 96351 | Zig:24   | Identified the Papyrus of Attacks and Orientation
 96359 | Zig:24   | Identified the +9 giant spiked club of the Vendetta {elec,
                  | rF+ rC++ Int-3 Dex+3}
 96376 | Zig:24   | Identified the +2 pair of gloves of Sutug {Will- Dex+7}
 96418 | Zig:25   | Entered Level 25 of a ziggurat
 96434 | Zig:25   | Reached skill level 27 in Fighting
 96473 | Zig:25   | Identified the Almanac of Poison and Confrontation
 96475 | Zig:25   | Identified the Handbook of Air and Battle Magic
 96484 | Zig:25   | Identified the Catalogue of the Insatiable Ships
 96487 | Zig:25   | Identified Xuath's Incunabulum of Creative Dark Rituals
 96505 | Zig:26   | Entered Level 26 of a ziggurat
 96517 | Zig:26   | Killed from afar by an ice dragon

Illustrated notes

Levels and vault maps discovered:
D:1:      minmay_arrival_four_circles, layout_rooms, basic_ecumenical_altar
D:2:      minmay_door_path, layout_basic, uniq_crazy_yiuf_cottage
D:3:      layout_loops_cross, nicolae_overflow_hidden_temple,
          minmay_misc_feat_cross, uniq_robin
D:4:      layout_loops_ring, uniq_blork_the_orc, uniq_sigmund
D:5:      layout_rooms, uniq_duvessa
D:6:      minmay_recursive_quarters, layout_basic,
          minmay_temple_entry_water_ring, kennysheep_generic_room_2
D:7:      layout_loops_ring
D:8:      layout_cave_pods, feat_on_display
D:9:      layout_basic, good_gods_mini_temple, david_orc_1_choice, serial_shops,
          nicolae_shop_trees, uniq_psyche, uniq_grum
D:10:     layout_basic, lair_entry_dummy
D:11:     layout_basic, serial_shops, nicolae_shop_stone, grunt_ministairs_15,
          minmay_liquid_box, nzn_hepliaklqana_mist_gate
D:12:     layout_basic
D:13:     layout_gridville, enter_bailey_5, uniq_jorgrun
D:14:     cheibrodos_tormentor_scu, layout_stronghold,
          ximxim_vaults_locker_room, grunt_potential
D:15:     gammafunk_depths_entry_grave, layout_loops_corners, minivault_19,
          uniq_rupert
Temple:   nicolae_temple_elliptical
Lair:1:   layout_cave_pods, minivault_26, serial_bayou_shore_b, uniq_harold
Lair:2:   layout_gridlike
Lair:3:   dpeg_oklob_shooting_range, layout_regular_city,
          guppyfry_snake_entry_island, minmay_shattered_shrine
Lair:4:   layout_regular_city, palyth_hydra_swamp_entry, wad_woods_02
Lair:5:   layout_regular_city, minmay_slime_entry_jelly_boxes,
          ebering_ghost_reflecting_pool
Lair:6:   evil_forest, layout_regular_city, enter_volcano_3
Swamp:1:  layout_falls_marsh, nicolae_swamp_fairy_circle, swamp_pool4
Swamp:2:  layout_falls_marsh, evilmike_swamp_ruin_house_6, swamp_pool4,
          nzn_swamp_dancing_lights
Swamp:3:  nicolae_swamp_secret_spriggan_hideout, layout_basic_swamp,
          nicolae_swamp_triple_paths, swamp_pool5
Swamp:4:  nzn_swamp_witches_coven, layout_basic_swamp, swamp_pool3, uniq_kirke
Snake:1:  layout_layer_cave, grunt_ministairs_13, minmay_shop_grove,
          serial_bayou_shore_b
Snake:2:  nicolae_cobra_stairs, layout_chambers, grunt_megastairs_5,
          uniq_saint_roka
Snake:3:  layout_gridlike, minmay_shop_star, serial_bayou_shore_b
Snake:4:  minmay_snake_end_coiled, layout_grid_shapes, special_room
Slime:1:  cheibrodos_slime_lost_civilization_1, layout_caves, basic_altar
Slime:2:  layout_caves
Slime:3:  layout_caves
Slime:4:  layout_caves
Slime:5:  uniq_dissolution
Orc:1:    layout_caves, serial_shops, nicolae_shop_trees, mines2_lemuel
Orc:2:    st_orc_elflike, layout_diamond_mine, serial_shops, statue_bzr,
          uniq_snorg
Elf:1:    elf_arrival_002, layout_loops_corners, serial_shops, shop,
          minivault_28, nicolae_twisting_strands, minmay_misc_feat_diagonals,
          st_stairs_10, minmay_elf_demonology
Elf:2:    layout_geoelf_grid, serial_shops, shop, ebering_ghost_inner_flame,
          lemuel_elevator
Elf:3:    minmay_elf_hall_not_hex, layout_geoelf_diagonals,
          gammafunk_ghost_cemetery, drop_trap
Vaults:1: hangedman_vaults_maws, v_misc_8, st_quartered_hall,
          nicolae_vaults_angled_halls, nicolae_vaults_big_angled_halls,
          ontoclasm_vaults_misaligned, v_rooms_5, v_misc_33,
          nicolae_vaults_mini_display_case, grunt_vaults_diagonal,
          nicolae_vaults_network_square, v_misc_8, layout_vaults_omnicross,
          enter_trove_6
Vaults:2: dpeg_vaults_monster_box, minmay_crypt_entry_simple_corners,
          grunt_vaults_focal, vaults_dpeg_spiral, ontoclasm_vaults_hangar,
          dpeg_vaults_waves, nicolae_vaults_little_squares_3, vaults_dpeg_hooks,
          nicolae_vaults_little_squares_6, vaults_dpeg_ring,
          layout_vaults_omnibox
Vaults:3: nicolae_vaults_twisting_passages, nicolae_vaults_inception_statues,
          v_alt_pattern_3, hangedman_vaults_trim,
          vaults_room_hangedman_quadrants, nicolae_vaults_little_squares_5,
          vaults_room_pools, vaults_standard_mumra_enter_the_diamond,
          vaults_room_pool, layout_vaults_big_room, uniq_mennas
Vaults:4: v_rooms_3, nicolae_vaults_big_angled_halls, ontoclasm_vaults_pinch,
          v_misc_15, v_misc_22, v_misc_26, v_misc_5, layout_vaults_omnigrid,
          serial_shops, nicolae_shop_waterfront, shop, shop
Vaults:5
Crypt:1:  layout_gridlike
Crypt:2:  layout_rooms, roderic_lattice_octagonal_star, uniq_bai_suzhen
Crypt:3:  quadcrypt_mu
Depths:1: gammafunk_its_a_trap, layout_gridlike,
          hangedman_abyss_or_decor_stagger, rand_demon_pan_entry_9,
          pf_hell_entry_tar_river, minmay_multi_spiral, serial_bayou_shore_b
Depths:2: minmay_mutant_horseshoe, layout_small_grid, enter_ziggurat_e,
          hell_entry, nicolae_kikubaaqudgha_miasma_corner, minmay_shoptagon
Depths:3: minmay_tile_spiral, layout_gridville, serial_shops, shop, shop,
          shop_fountains, grunt_metal_band, pan_entry, hangedman_decor_growths
Depths:4: hangedman_cross_stitches, layout_gridlike, serial_shops, shop,
          hell_entry, rand_demon_pan_entry_3, hex_tiny, abyss_entry_flame_altar,
          nicolae_two_hexagons, feat_on_display
Depths:5: grunt_zot_entry_hairpin, layout_small_grid, hangedman_decor_push,
          pan_entry, pf_coc_iceberg, onia_ninara_cookie
Zig:26

Skill      XL: |  1  2  3  4  5  6  7  8  9 10 11 12 13 14 15 16 17 18 19 20 21 22 23 24 25 26 27 |
---------------+----------------------------------------------------------------------------------+-----
Earth Magic    | 4 5 6 7 8 9 10 11 12 13 14 16 17 18 20 21 22 | 22.0
Conjurations   | 1 2 3 4 5 6 7 8 9 10 11 12 13 14 15 16 17 20 | 20.0
Spellcasting   | 3 4 5 6 7 8 9 10 11 12 13 14 15 22 | 22.1
Armour         | 1 2 4 5 6 |  6.0
Fighting       | 2 4 5 6 8 9 10 11 12 13 14 15 16 18 27 | 27.0
Maces & Flails | 2 3 5 6 7 8 9 10 11 12 13 14 16 | 16.0
Dodging        | 2 3 4 5 6 7 8 9 10 11 12 13 15 | 15.0
Evocations     | 2 3 4 5 6 7 8 9 10 | 10.0
Hexes          | 3 5 6 |  6.0
Fire Magic     | 1 6 8 10 11 15 17 18 19 22 | 22.0
Shields        | 4 |  4.0
Ice Magic      | 20 | 20.5
Stealth        | |  2.1
Transmutations | |  0.7

Action                   |  1- 3 |  4- 6 |  7- 9 | 10-12 | 13-15 | 16-18 | 19-21 | 22-24 | 25-27 || total
-------------------------+-------+-------+-------+-------+-------+-------+-------+-------+-------++-------
Melee: Unarmed           |    20 |       |       |       |       |       |       |       |       ||    20
       Mace              |    64 |    49 |       |       |       |       |       |       |       ||   113
       Falchion          |       |    35 |    71 |       |       |       |       |       |       ||   106
       Dagger            |       |       |   196 |   392 |   498 |  1094 |       |       |       ||  2180
       Demon whip        |       |       |       |       |       |    66 |  1044 |   751 |  1142 ||  3003
       Sacred scourge    |       |       |       |       |       |       |       |    37 |       ||    37
 Cast: Sandblast         |    13 |    43 |    29 |    25 |    22 |     5 |     6 |       |       ||   143
       Stone Arrow       |       |     4 |    16 |    88 |   128 |   207 |    10 |       |     5 ||   458
       Lee's Rapid Decon |       |       |     2 |    37 |    84 |   134 |    27 |    50 |     7 ||   341
       Fireball          |       |       |       |       |       |    48 |    16 |     8 |       ||    72
       Starburst         |       |       |       |       |       |    11 |    33 |     1 |     1 ||    46
       Iron Shot         |       |       |       |       |       |       |   149 |    95 |   133 ||   377
       Ignition          |       |       |       |       |       |       |    58 |    62 |    69 ||   189
       Yara's Violent Un |       |       |       |       |       |       |     1 |       |     2 ||     3
       Shatter           |       |       |       |       |       |       |       |    35 |   227 ||   262
       Fire Storm        |       |       |       |       |       |       |       |       |    36 ||    36
Evoke: Wand              |       |       |     1 |    21 |     2 |    21 |     3 |     2 |       ||    50
       Phantom mirror    |       |       |       |       |       |     1 |     1 |       |       ||     2
       Condenser vane    |       |       |       |       |       |       |       |     1 |     1 ||     2
       Box of beasts     |       |       |       |       |       |       |       |     1 |       ||     1
  Use: Scroll            |     4 |     5 |     8 |    11 |     8 |    13 |    10 |     7 |    21 ||    87
       Potion            |       |     5 |     2 |     3 |    15 |     2 |     2 |     4 |    12 ||    45
 Stab: Sleeping          |     4 |     2 |     3 |       |     1 |     4 |     3 |     4 |     1 ||    22
       Paralysed         |       |       |       |       |       |     6 |       |       |       ||     6
       Distracted        |       |       |       |       |       |     2 |     1 |     1 |     3 ||     7
Armor: Robe              |    40 |    46 |       |       |       |       |    89 |   347 |   675 ||  1197
       Leather armour    |       |    22 |   200 |   395 |   281 |   856 |   373 |       |       ||  2127
Dodge: Dodged            |    56 |    70 |   168 |   396 |   592 |  1651 |   803 |   421 |   724 ||  4881
Block: Buckler           |       |       |       |       |       |       |       |       |    14 ||    14
       Rpst.: Falchion   |       |     5 |    17 |       |       |       |       |       |       ||    22

Table legend: (Time is in decaauts)
 A = Elapsed time spent in this place.
 B = Non-inter-level travel time spent in this place.
 C = Inter-level travel time spent in this place.
 D = Time resting spent in this place.
 E = Time spent auto-exploring this place.
 F = Levels seen in this place.
 G = Mean time per level.
                   A        B        C        D        E       F      G
               +--------+--------+--------+--------+--------+-----+--------+
         Total |  95260 |  88039 |   7221 |  20880 |  52213 |  82 | 1161.7 |
       Dungeon |  27255 |  24468 |   2787 |   5863 |  15027 |  15 | 1817.0 |
        Temple |    208 |    187 |     21 |      0 |    158 |   1 |  208.0 |
          Lair |  11083 |   9918 |   1165 |   1030 |   7205 |   6 | 1847.2 |
         Swamp |   6391 |   6236 |    155 |   1421 |   3891 |   4 | 1597.8 |
     Snake Pit |  10354 |   9551 |    803 |   2709 |   5430 |   4 | 2588.5 |
    Slime Pits |    841 |    792 |     49 |    465 |      0 |   5 |  168.2 |
  Orcish Mines |   2255 |   1968 |    287 |    171 |   1304 |   2 | 1127.5 |
   Elven Halls |   4891 |   4673 |    218 |   1138 |   2814 |   3 | 1630.3 |
        Vaults |  12162 |  11026 |   1136 |   3065 |   6764 |   5 | 2432.4 |
         Crypt |   4926 |   4711 |    215 |    560 |   3103 |   3 | 1642.0 |
        Depths |  10415 |  10033 |    382 |   2434 |   6019 |   5 | 2083.0 |
      Ziggurat |   3166 |   3166 |      0 |   1722 |      0 |  26 |  121.8 |
        Bazaar |    186 |    186 |      0 |      0 |     32 |   1 |  186.0 |
        Bailey |    819 |    819 |      0 |    299 |    273 |   1 |  819.0 |
       Volcano |    299 |    299 |      0 |      2 |    192 |   1 |  299.0 |
               +--------+--------+--------+--------+--------+-----+--------+

Top non-repeatable levels by time:
    D:14: 4300 daAuts
    D:12: 2995 daAuts
Vaults:3: 2961 daAuts
 Snake:2: 2932 daAuts
 Snake:3: 2913 daAuts
Depths:1: 2910 daAuts
 Snake:1: 2844 daAuts
Vaults:2: 2626 daAuts
Vaults:1: 2610 daAuts
    D:13: 2534 daAuts
 Crypt:3: 2493 daAuts
Vaults:4: 2354 daAuts
Depths:3: 2323 daAuts
   Elf:3: 2275 daAuts
     D:9: 2253 daAuts
